 Dungeon Crawl Stone Soup version 0.23-a0-435-g79ed067 (webtiles) character file.

218 ozpin88 the Chopper (level 5, -1/72 HPs)
             Began as a Minotaur Berserker on Nov 15, 2018.
             Was a Priest of Trog.
             Slain by a gnoll
             ... wielding a +0 halberd
              (4 damage)
             ... on level 4 of the Dungeon.
             The game lasted 00:04:32 (2321 turns).

ozpin88 the Chopper (Minotaur Berserker)            Turns: 2321, Time: 00:04:33

Health: -1/72      AC:  5    Str: 28    XL:     5   Next: 63%
Magic:  4/4        EV: 12    Int:  4    God:    Trog [***...]
Gold:   124        SH:  0    Dex:  9    Spells: 4/4 levels left

rFire    x . .     SeeInvis .   a - +0 hand axe
rCold    + . .     Gourm    .   (no shield)
rNeg     . . .     Faith    .   e - +0 ring mail {rPois}
rPois    +         Spirit   .   (helmet restricted)
rElec    .         Reflect  .   (no cloak)
rCorr    .         Harm     .   (no gloves)
MR       .....                  (no boots)
Stlth    ..........             (no amulet)
HPRegen  0.22/turn              f - ring of ice
MPRegen  0.09/turn              (no ring)

@: berserking, very quick
A: retaliatory headbutt, horns 2
a: Berserk, Trog's Hand, Renounce Religion


You were on level 4 of the Dungeon.
You worshipped Trog.
Trog was most pleased with you.
You were near starving.

You visited 1 branch of the dungeon, and saw 4 of its levels.

You collected 124 gold pieces.

Inventory:

Hand Weapons
 a - a +0 hand axe (weapon)
Armour
 b - a +0 animal skin
 d - a +0 chain mail
 e - a +0 ring mail of poison resistance (worn)
Jewellery
 f - a ring of ice (left hand)
 n - an uncursed amulet of regeneration {unknown}
Scrolls
 h - 4 scrolls of identify {unknown}
 i - a scroll of amnesia {unknown}
 j - a scroll of enchant weapon {unknown}
 p - a scroll of noise {unknown}
 q - 2 scrolls of remove curse {unknown}
 r - 2 scrolls of immolation {unknown}
Potions
 g - a potion of curing {unknown}
 k - 3 potions of resistance {unknown}
 l - a potion of cancellation {unknown}
 o - 2 potions of heal wounds {unknown}
Comestibles
 c - 8 rations


   Skills:
 + Level 5.1 Fighting
 + Level 5.4 Axes
 + Level 3.7 Armour
 + Level 3.2 Dodging
 + Level 0.1 Stealth


You had 4 spell levels left.
You didn't know any spells.
Your spell library was empty.

Dungeon Overview and Level Annotations

Branches:
Dungeon (4/15)
 Temple: D:4-7

Altars:
Okawaru
Qazlal


Innate Abilities, Weirdness & Mutations

You reflexively headbutt those who attack you in melee.
You have a pair of horns on your head.


Message History

You are near starving!
The quokka skeleton bites you but does no damage.
The gnoll hits you but does no damage. The gnoll misses you.
You slash the quokka skeleton!
You feel the power of Trog in you as your rage grows.
You destroy the quokka skeleton!
Trog accepts your kill. The gnoll completely misses you.
There is a stone staircase leading down here.
You feel a strong urge to attack something.
The gnoll hits you from afar with a cursed +0 spear.
* * * LOW HITPOINT WARNING * * *
You closely miss the gnoll. You headbutt the gnoll!
You kill the gnoll!
Trog accepts your kill. The gnoll hits you but does no damage.
The gnoll hits you with a cursed +0 spear.
* * * LOW HITPOINT WARNING * * *
The gnoll hits you with a +0 halberd.
You die...

..# .....# ....# ....+
#################...
.......>.@g........#######
..........g...####.##.....
..........................
##.#######.....###.##.##.#
.. #.....# #.##.##.# .
#.....###.......#
#####))##g......#
##.##.......#
######..#g......#


You could see 2 gnolls.

Vanquished Creatures
  A hound (D:4)
  7 gnolls
  An adder (D:3)
  An ooze (D:3)
  3 worms
  4 dart slugs
  3 leopard geckos
  5 orcs
  3 ball pythons
  7 giant cockroaches
  6 goblins
  7 hobgoblins
  3 jackals (D:2)
  A quokka (D:2)
  6 bats
  5 frilled lizards
  14 kobolds
  A quokka skeleton (D:4)
  7 rats
85 creatures vanquished.

Notes
Turn   | Place    | Note
-------+----------+-------------------------------------------
     0 | D:1      | ozpin88 the Minotaur Berserker began the quest for the Orb.
     0 | D:1      | Reached XP level 1. HP: 19/19 MP: 0/0
   109 | D:1      | Reached XP level 2. HP: 26/27 MP: 1/1
   325 | D:1      | Reached XP level 3. HP: 33/33 MP: 2/2
   401 | D:1      | Reached ** piety under Trog
   975 | D:2      | Reached XP level 4. HP: 32/41 MP: 3/3
  1405 | D:3      | Reached *** piety under Trog
  1530 | D:3      | Found an iron altar of Okawaru.
  1627 | D:3      | Reached skill level 5 in Fighting
  1912 | D:4      | Reached skill level 5 in Axes
  1912 | D:4      | Reached XP level 5. HP: 48/48 MP: 4/4
  2000 | D:4      | HP: 2/48 [gnoll (6)]
  2280 | D:4      | Found a stormy altar of Qazlal.
  2321 | D:4      | HP: 3/72 [gnoll/cursed +0 spear (3)]
  2321 | D:4      | Slain by a gnoll

Vault maps used:
D:1:      saegor_arrival_simple_d, minmay_pentomino_z4
D:3:      first_ration, okawaru_ov_weapons_minmay
D:4:      minmay_diamond_boxcup, old_standard_altar

Skill      XL: |  1  2  3  4 |
---------------+-------------+-----
Axes           | 4 5 |  5.4
Fighting       | 4 5 |  5.1
Armour         | 3 |  3.7
Dodging        | 3 |  3.2
Stealth        | |  0.1

Action                   |  1- 3 |  4- 6 || total
-------------------------+-------+-------++-------
Melee: Hand axe          |    99 |    85 ||   184
       Headbutt          |    18 |    16 ||    34
Invok: Berserk           |       |     1 ||     1
  Eat: Chunk             |       |     4 ||     4
Armor: Ring mail         |    36 |    29 ||    65
Dodge: Dodged            |    60 |    55 ||   115

Table legend:
 A = Non-vault XP
 B = Vault XP
 C = Vault XP percentage of total XP
 D = Non-vault monster count
 E = Vault monster count
 F = Vault count percentage of total count
                 A         B        C        D         E       F
            +---------+---------+-------+---------+---------+-------
      Total |     303 |       9 |   2.9 |      81 |       4 |   4.7
            +---------+---------+-------+---------+---------+-------
        D:1 |      43 |       9 |  17.3 |      26 |       4 |  13.3
        D:2 |      86 |       0 |   0.0 |      27 |       0 |   0.0
        D:3 |      55 |       0 |   0.0 |      15 |       0 |   0.0
        D:4 |     119 |       0 |   0.0 |      13 |       0 |   0.0
            +---------+---------+-------+---------+---------+-------
